 Dungeon Crawl Stone Soup version 0.29.1-1-gd02db6906a (webtiles) character file.

Game seed: 4304139709936462597

2242 GigaChad the Fighter (level 9, -5/86 (90) HPs)
             Began as a Minotaur Fighter on Oct 13, 2022.
             Was a Believer of Ashenzari.
             Slain by a wight
             ... wielding a +3 halberd
              (10 damage)
             ... on level 7 of the Dungeon.
             The game lasted 00:15:31 (6506 turns).

GigaChad the Fighter (Minotaur Fighter)             Turns: 6506, Time: 00:15:32

HP:   -5/86 (90)    AC: 16    Str: 24    XL:     9   Next: 14%
MP:   8/8           EV:  7    Int:  9    God:    Ashenzari [**....]
Gold: 428           SH:  6    Dex: 11    Spells: 8/8 levels left

rFire   . . .      SeeInvis +   s - +5 rapier "Share My Fortune-Teller" {elec, rElec Int+4, Bglg, Melee} (curse)
rCold   . . .      Faith    .   c - +0 buckler
rNeg    . . .      Spirit   .   B - +0 plate armour "Chained Secrets" {Comp, Self} (curse)
rPois   .          Reflect  .   (helmet restricted)
rElec   +          Harm     .   q - +0 cloak of Apeoromancy {Alch, Fort} (curse)
rCorr   .          Rampage  .   (no gloves)
Will    .....                   (no boots)
Stlth   ..........              r - amulet of Cremastomancy {Regen+, Self, Melee} (curse)
HPRegen 1.04/turn               (no ring)
MPRegen 0.11/turn               (no ring)

@: lightly drained
A: horns 2, retaliatory headbutt
a: Renounce Religion, Shatter the Chains


You were on level 7 of the Dungeon.
You worshipped Ashenzari.
Ashenzari was pleased with you.
You visited 2 branches of the dungeon, and saw 8 of its levels.

You collected 428 gold pieces.

Inventory:

Hand Weapons
 a - a +1 long sword
 s - the cursed +5 rapier "Share My Fortune-Teller" (weapon) {elec, rElec Int+4, Bglg, Melee}
   (You found it on level 3 of the Dungeon)

   It occasionally discharges a powerful burst of electricity upon striking a
   foe.
   Int:       It affects your intelligence (+4).
   rElec:     It insulates you from electricity.
   It has a curse which improves the following skills: Beguiling: Conjurations,
   Hexes and Translocations.
   Melee Combat: Short Blades, Long Blades, Axes, Maces & Flails, Polearms,
   Staves and Unarmed Combat.
Missiles
 m - a throwing net (quivered)
Armour
 b - a +0 scale mail
 c - a +0 buckler (worn)
 o - an orb of guile
 q - the cursed +0 cloak of Apeoromancy (worn) {Alch, Fort}
   (You found it on level 3 of the Dungeon)

   It has a curse which improves the following skills: Alchemy: Poison Magic and
   Transmutations.
   Fortitude: Armour and Shields.
 A - a +0 chain mail
 B - the cursed +0 plate armour "Chained Secrets" (worn) {Comp, Self}
   (You found it on level 6 of the Dungeon)

   It has a curse which improves the following skills: Companions: Summonings
   and Necromancy.
   Introspection: Fighting and Spellcasting.
Jewellery
 l - a ring of protection from fire
 r - the cursed amulet of Cremastomancy (around neck) {Regen+, Self, Melee}
   (You found it on level 3 of the Dungeon)

   [amulet of regeneration]

   Regen:     It increases your rate of health regeneration.
   It has a curse which improves the following skills: Introspection: Fighting
   and Spellcasting.
   Melee Combat: Short Blades, Long Blades, Axes, Maces & Flails, Polearms,
   Staves and Unarmed Combat.
 D - a ring of wizardry
Wands
 h - a wand of digging (5)
Scrolls
 e - 3 scrolls of teleportation
 j - 2 scrolls of noise
 k - 5 scrolls of identify
 p - 3 scrolls of enchant armour
 u - 2 scrolls of amnesia
 x - a scroll of immolation
 y - 2 scrolls of blinking
 C - 2 scrolls of magic mapping
Potions
 d - a potion of might
 f - a potion of mutation
 g - 3 potions of heal wounds
 i - 3 potions of invisibility
 n - a potion of haste
 t - a potion of berserk rage
 v - 3 potions of curing
 w - a potion of attraction
 z - a potion of resistance


   Skills:
 - Level 10.1(12.0) Fighting
 - Level 2.6(4.2) Long Blades
 + Level 9.1(10.3) Armour
 + Level 2.2 Dodging
 * Level 7.7(9.0) Shields


You had 8 spell levels left.
You didn't know any spells.
Your spell library contained the following spells:

 Spells                   Type           Power      Damage    Failure   Level
 Confusing Touch          Hex            0%         N/A       100%        3
 Conjure Flame            Conj/Fire      0%         6-21      100%        3
 Dazzling Flash           Conj/Hex       0%         N/A       100%        3
 Ignite Poison            Fire/Tmut/Pois 0%         N/A       100%        3
 Animate Dead             Necr           0%         N/A       100%        4
 Iskenderun's Mystic Bla  Conj/Tloc      0%         2d3       100%        4
 Sticky Flame             Conj/Fire      0%         2d3       100%        4
 Borgnjor's Vile Clutch   Necr/Erth      0%         N/A       100%        5
 Fireball                 Conj/Fire      0%         3d3       100%        5
 Yara's Violent Unravell  Hex/Tmut       0%         3d3       100%        5
 Death Channel            Necr           0%         N/A       100%        6
 Starburst                Conj/Fire      0%         6d3       100%        6
 Enfeeble                 Hex            0%         N/A       100%        7
 Ignition                 Fire           0%         3d3       100%        8


Dungeon Overview and Level Annotations

Branches:
Dungeon (7/15)             Temple (1/1) D:5

Altars:
Ashenzari
Dithmenos
Elyvilon
Gozag
Hepliaklqana
Nemelex Xobeh
Okawaru
Ru
Trog
Uskayaw
Vehumet
Wu Jian
Xom
Zin

Shops:
D:2 (


Innate Abilities, Weirdness & Mutations

You have a pair of horns on your head.
You reflexively headbutt those who attack you in melee.


Message History

An iguana and 5 wights come into view.
The iguana hisses angrily.
The wight closely misses you.
The iguana hisses menacingly.
The wight hits you with a +0 halberd.
* * * LOW HITPOINT WARNING * * *
You feel drained.
* * * LOW HITPOINT WARNING * * *
You hit the iguana. You headbutt the iguana.
The iguana is heavily wounded.
The wight barely misses you. You furiously retaliate!
You headbutt the wight, but do no damage.
You block the wight's attack. You block the iguana's attack.
A kobold comes into view. It is wielding a +0 short sword.
You closely miss the iguana.
The iguana is heavily wounded.
The kobold shouts!
You hear a shout! x2
The iguana bites you.
* * * LOW HITPOINT WARNING * * *
The wight hits you but does no damage. The wight closely misses you.
You furiously retaliate!
You headbutt the wight. The wight hits you but does no damage.
You hear a shout!
You hear a shout! x2
You block the wight's attack. The iguana bites you.
* * * LOW HITPOINT WARNING * * *
The wight hits you from afar with a +0 halberd.
* * * LOW HITPOINT WARNING * * *
The iguana attacks as you move away! You block the iguana's attack.
The wight hits you but does no damage.
The wight hits you but does no damage. x2; The iguana bites you.
* * * LOW HITPOINT WARNING * * *
The wight hits you from afar with a +0 halberd.
* * * LOW HITPOINT WARNING * * *
You feel drained.
* * * LOW HITPOINT WARNING * * *
The iguana attacks as you move away! The iguana closely misses you.
The wight attacks as you move away! The wight hits you but does no damage.
The wight hits you from afar with a +3 halberd!
You die...

, #.......... *
, ##.......... ,
, ........... *
#.###.........,
* ,, ...........
, , ,* #K...#**
*** * #z.z.# ,
** * #lzzz#### *
, , * ,
#@......., ,
#####..... *
**..* ...... ,
*.##* ...)..,
,,* ,.. ...$..,
,
####.#####......
, *
#........#../..
, ,
#...............
#..............#
* *


You could see an iguana, 5 wights and a kobold.

Vanquished Creatures
  Sigmund (D:3)
  A steam dragon (D:7)
  Menkaure (D:4)
  2 water moccasins
  2 ice beasts
  A black bear (D:4)
  An orc warrior (D:6)
  An ogre (D:5)
  2 phantoms
  A necrophage (D:6)
  3 scorpions (D:6)
  3 wights (D:7)
  An orc priest (D:4)
  2 hounds
  2 gnoll boudas
  2 jellies
  3 iguanas
  Ijyb (D:3)
  An orc wizard (D:5)
  Robin (D:4)
  13 gnolls
  3 adders
  2 white imps (D:6)
  An ufetubus (D:5)
  A dart slug (D:3)
  19 orcs
  5 ball pythons
  6 bats
  8 endoplasms
  2 giant cockroaches
  13 goblins
  9 hobgoblins
  2 jackals (D:2)
  5 kobolds
  5 quokkas
  A frilled lizard (D:1)
  3 rats (D:3)
130 creatures vanquished.

Notes
Turn   | Place    | Note
-------+----------+-------------------------------------------
     0 | D:1      | GigaChad the Minotaur Fighter began the quest for the Orb.
     0 | D:1      | Reached XP level 1. HP: 19/19 MP: 0/0
   153 | D:1      | Reached XP level 2. HP: 27/27 MP: 1/1
   225 | D:1      | Reached skill level 4 in Fighting
   502 | D:1      | Found a faded altar of an unknown god.
   990 | D:2      | Found Biogg's Weapon Shop.
  1173 | D:2      | Reached XP level 3. HP: 30/34 MP: 2/2
  1233 | D:2      | Reached skill level 5 in Fighting
  1241 | D:2      | Reached XP level 4. HP: 17/42 MP: 3/3
  1791 | D:2      | Reached skill level 6 in Fighting
  1954 | D:2      | Found a broken altar of Ashenzari.
  2255 | D:2      | Became a worshipper of Ashenzari the Shackled
  2286 | D:3      | Noticed Ijyb
  2296 | D:3      | Killed Ijyb
  2499 | D:3      | Found a hazy altar of Hepliaklqana.
  2539 | D:3      | Reached XP level 5. HP: 43/51 MP: 4/4
  2702 | D:3      | Identified the +5 rapier "Lomaej" {elec, rElec Int+4}
  2792 | D:3      | Found a bloodstained altar of Trog.
  2792 | D:3      | Noticed Sigmund
  2799 | D:3      | Killed Sigmund
  2800 | D:3      | Reached skill level 8 in Fighting
  2800 | D:3      | Reached XP level 6. HP: 44/61 MP: 5/5
  3041 | D:3      | Found a broken altar of Ashenzari.
  3600 | D:4      | Reached skill level 9 in Fighting
  3676 | D:4      | Noticed Robin
  3708 | D:4      | Reached XP level 7. HP: 65/71 MP: 6/6
  3714 | D:4      | Killed Robin
  3880 | D:4      | Reached * piety under Ashenzari
  3998 | D:4      | Noticed Menkaure
  4004 | D:4      | Killed Menkaure
  4186 | D:5      | Entered Level 5 of the Dungeon
  4213 | D:5      | Reached skill level 5 in Armour
  4269 | D:5      | Found a staircase to the Ecumenical Temple.
  4290 | Temple   | Entered the Ecumenical Temple
  4520 | D:5      | Reached skill level 5 in Shields
  4520 | D:5      | Found an iron altar of Okawaru.
  4593 | D:5      | Reached skill level 10 in Fighting
  4593 | D:5      | Reached XP level 8. HP: 67/81 MP: 7/7
  4782 | D:5      | Found a white marble altar of Elyvilon.
  5199 | D:6      | Reached ** piety under Ashenzari
  5209 | D:6      | Found an opulent altar of Gozag.
  5215 | D:6      | Reached skill level 1 in Dodging
  5831 | D:6      | Found a sacrificial altar of Ru.
  6028 | D:6      | Found an ornate altar of the Wu Jian Council.
  6423 | D:7      | Reached XP level 9. HP: 86/90 MP: 8/8
  6505 | D:7      | HP: 4/86 [wight/+0 halberd (1)]
  6506 | D:7      | Slain by a wight

Illustrated notes

Levels and vault maps discovered:
D:1:      saegor_arrival_simple_c, layout_loops_ring,
          hellmonk_ecumenical_altar_leap_of_faith
D:2:      layout_basic, basic_altar, serial_shops, nicolae_shop_statue_plus
D:3:      layout_loops_ring, lemuel_crystal_altar,
          ashenzari_conservatory_becter, mainiacjoe_overflow_surrounded_room,
          uniq_ijyb, uniq_sigmund
D:4:      layout_gridville, uniq_menkaure, uniq_robin
D:5:      layout_basic, nicolae_elyvilon_temple_path,
          kennysheep_okawaru_gauntlet, minmay_temple_entry_offerings,
          minmay_misc_feat_chi
D:6:      layout_loops_cross, amcnicky_altar_gilded, lemuel_round_altar,
          nicolae_wu_jian_immortal_techniques
D:7:      layout_basic, due_unseen_surprise, uniq_duvessa
Temple:   hellmonk_temple_flake

Skill      XL: |  1  2  3  4  5  6  7  8  9 |
---------------+----------------------------+-----
Fighting       | 4 5 6 8 9 10 | 10.1
Armour         | 4 6 8 9 |  9.1
Shields        | 4 5 7 |  7.7
Dodging        | 2 |  2.2
Long Blades    | |  2.6

Action                   |  1- 3 |  4- 6 |  7- 9 || total
-------------------------+-------+-------+-------++-------
Melee: Long sword        |    62 |    56 |       ||   118
       Headbutt          |    13 |    19 |    21 ||    53
       Rapier            |       |    51 |   145 ||   196
Invok: Curse Item        |       |     1 |     3 ||     4
  Use: Scroll            |       |     6 |     1 ||     7
Armor: Scale mail        |    34 |    75 |    23 ||   132
       Plate armour      |       |       |    44 ||    44
       Chain mail        |       |       |    27 ||    27
Dodge: Dodged            |    46 |    68 |    62 ||   176
Block: Buckler           |    24 |    39 |    60 ||   123
